 Dungeon Crawl Stone Soup version 0.23.2 (webtiles) character file.

Game seed: 4103210899397768242

1048 Borgoz the Cutter (level 8, -6/61 HPs)
             Began as a Ghoul Assassin on Apr 5, 2019.
             Was an Initiate of Ashenzari.
             Mangled by a gnoll sergeant
             ... wielding a +5 spear of piercing
              (13 damage)
             ... on level 5 of the Dungeon.
             The game lasted 00:09:25 (5542 turns).

Borgoz the Cutter (Ghoul Assassin)                  Turns: 5542, Time: 00:09:25

Health: -6/61      AC: 14    Str: 15    XL:     8   Next: 25%
Magic:  7/7        EV: 11    Int:  6    God:    Ashenzari [......]
Gold:   358        SH:  0    Dex: 17    Spells: 7/7 levels left

rFire    + . .     SeeInvis .   a - +2 dagger (venom)
rCold    + + .     Gourm    .   (no shield)
rNeg     + + +     Faith    .   h - +0 plate armour
rPois    ∞         Spirit   .   (no helmet)
rElec    .         Reflect  .   s - scarf {rC+ rF+}
rCorr    .         Harm     .   k - +1 pair of gloves
MR       .....                  (no boots)
Stlth    ..........             (no amulet)
HPRegen  0.00/turn              (no ring)
MPRegen  0.10/turn              (no ring)

@: agile, rotting
A: rotting body, claws 1, carnivore, cold resistance 1, negative energy
resistance 3, inhibited regeneration, torment resistance, unbreathing
a: Curse Item, Renounce Religion


You were on level 5 of the Dungeon.
You worshipped Ashenzari.
Ashenzari was noncommittal.
You were not hungry.

You visited 2 branches of the dungeon, and saw 6 of its levels.

You collected 358 gold pieces.

Inventory:

Hand Weapons
 a - a +2 dagger of venom (weapon)
 b - a +0 blowgun
Missiles
 e - 60 poisoned needles
 f - 2 curare-tipped needles
Armour
 h - a +0 plate armour (worn)
 k - a +1 pair of gloves (worn)
 s - a scarf of resistance (worn)
Scrolls
 i - a scroll of identify
 p - a scroll of fog
 q - a scroll of fear
 r - a scroll of remove curse
Potions
 c - 2 potions of haste
 n - a potion of resistance
Comestibles
 g - 6 rations
 l - a chunk of flesh


   Skills:
 - Level 2.1 Fighting
 * Level 5.1 Short Blades
 - Level 1.7 Throwing
 * Level 4.7 Armour
 * Level 4.9 Dodging
 - Level 4.3 Stealth


You had 7 spell levels left.
You didn't know any spells.
Your spell library was empty.

Dungeon Overview and Level Annotations

Branches:
Dungeon (5/15)             Temple (1/1) D:5

Altars:
Ashenzari
Cheibriados
Dithmenos
Fedhas
Gozag
Hepliaklqana
Kikubaaqudgha
Makhleb
Nemelex Xobeh
Okawaru
Qazlal
Ru
Sif Muna
Trog
Uskayaw
Vehumet
Wu Jian
Xom
Yredelemnul
Zin
The Shining One


Innate Abilities, Weirdness & Mutations

Your body is rotting away.
You thrive on raw meat.
You are immune to poison.
You have sharp fingernails.
You are carnivorous and can eat meat at any time.
Your flesh is cold resistant. (rC+)
You are immune to negative energy. (rN+++)
You do not regenerate when monsters are visible.
You are immune to unholy pain and torment.
You can survive without breathing.


Message History

You are too injured to fight recklessly!
The gnoll hits you but does no damage.
The gnoll sergeant hits you with a +5 spear of piercing!
You see here a cursed +0 spear.
You feel agile all of a sudden. The gnoll barely misses you.
The gnoll sergeant hits you but does no damage.
It was a potion of lignification.
You feel woody for a moment. The gnoll misses you.
The gnoll sergeant hits you but does no damage.
The gnoll sergeant blocks your attack. The gnoll barely misses you.
The gnoll sergeant blocks your attack. The gnoll sergeant closely misses you.
Your plate armour prevents you from hitting the gnoll sergeant.
The gnoll hits you with a +0 spear.
* * * LOW HITPOINT WARNING * * *
The gnoll sergeant hits you with a +5 spear of piercing!
* * * LOW HITPOINT WARNING * * *
x2 The gnoll sergeant blocks your attack.
The gnoll barely misses you.
The gnoll sergeant hits you with a +5 spear of piercing!
You die...

#..####. ###..# .... ..
..### #w### ...
.###......#.... .. ..#
..#..# #......
...#..###....# ##......
#.#.........####.......
##......................
#.....gg.......###......
###%....@....#..# #..#...
..............##..##.##...
..............##..........
#......#....###..#.......
##......###.## #..##......
#.......#...# ##.........
............####.......###
#........##...#..##....# #
#......###...##..###..#


You could see a gnoll sergeant and a gnoll.

Vanquished Creatures
  A sky beast (D:5)
  A phantom (D:4)
  3 ogres (D:4)
  A crimson imp (D:5)
  A bullfrog zombie (D:5)
  A jelly (D:5)
  Crazy Yiuf (D:4)
  An orc priest (D:5)
  2 hounds (D:4)
  A bullfrog skeleton (D:4)
  Natasha (thrice) (D:4)
  An orc wizard (D:5)
  2 worker ants
  A hound zombie (D:4)
  4 adders
  6 gnolls
  An adder skeleton (D:4)
  An adder zombie (D:5)
  5 dart slugs
  4 leopard geckos
  11 orcs
  4 giant cockroaches
  8 goblins
  6 hobgoblins
  3 jackals (D:2)
  8 quokkas
  A ball python (D:1)
  2 ball python skeletons (D:4)
  7 bats
  7 frilled lizards
  2 giant cockroach zombies (D:5)
  11 kobolds
  16 rats
127 creatures vanquished.

Vanquished Creatures (others)
  4 toadstools (D:5)
4 creatures vanquished.

Grand Total: 131 creatures vanquished

Notes
Turn   | Place    | Note
-------+----------+-------------------------------------------
     0 | D:1      | Borgoz the Ghoul Assassin began the quest for the Orb.
     0 | D:1      | Reached XP level 1. HP: 17/17 MP: 0/0
    26 | D:1      | Reached skill level 1 in Dodging
   191 | D:1      | Reached skill level 2 in Short Blades
   191 | D:1      | Reached XP level 2. HP: 18/23 MP: 1/1
   391 | D:1      | Reached skill level 1 in Armour
   482 | D:1      | Reached XP level 3. HP: 25/29 MP: 2/2
  1264 | D:2      | Reached XP level 4. HP: 36/36 MP: 3/3
  1869 | D:3      | Reached XP level 5. HP: 33/41 MP: 4/4
  1993 | D:3      | Reached skill level 3 in Short Blades
  2459 | D:4      | Noticed an ogre
  2491 | D:4      | Killed an ogre
  2491 | D:4      | Reached XP level 6. HP: 15/48 MP: 5/5
  2717 | D:4      | Noticed a phantom
  2849 | D:5      | Entered Level 5 of the Dungeon
  3152 | D:4      | Killed a phantom
  3152 | D:4      | Reached skill level 4 in Short Blades
  3152 | D:4      | Reached XP level 7. HP: 23/54 MP: 6/6
  3699 | D:4      | Noticed Natasha
  3711 | D:4      | Killed Natasha
  3981 | D:4      | Found a runed translucent door.
  3982 | D:4      | Noticed Crazy Yiuf
  4163 | D:4      | Noticed Natasha
  4180 | D:4      | Killed Natasha
  4257 | D:4      | Killed Crazy Yiuf
  4285 | D:4      | Noticed Natasha
  4291 | D:4      | Killed Natasha
  4477 | D:5      | Found a staircase to the Ecumenical Temple.
  4488 | D:5      | Reached XP level 8. HP: 54/61 MP: 7/7
  4547 | Temple   | Entered the Ecumenical Temple
  4718 | Temple   | Became a worshipper of Ashenzari the Shackled
  4803 | D:5      | Reached skill level 5 in Short Blades
  5542 | D:5      | Mangled by a gnoll sergeant

Skill      XL: |  1  2  3  4  5  6  7  8 |
---------------+-------------------------+-----
Dodging        | 1 2 3 4 |  4.9
Short Blades   | 2 3 4 5 |  5.1
Armour         | 1 2 3 4 |  4.7
Fighting       | |  2.1
Throwing       | |  1.7
Stealth        | |  4.3

Action                   |  1- 3 |  4- 6 |  7- 9 || total
-------------------------+-------+-------+-------++-------
Melee: Dagger            |   141 |   316 |   187 ||   644
 Fire: Blowgun           |       |     3 |     3 ||     6
  Use: Scroll            |       |    10 |     2 ||    12
       Potion            |       |     4 |     3 ||     7
  Eat: Chunk             |     2 |    12 |     7 ||    21
Armor: Robe              |     2 |       |       ||     2
       Plate armour      |    79 |   179 |   115 ||   373
Dodge: Dodged            |    38 |    50 |    62 ||   150
